Map: Dusk Towers

Players

Bunny - Winner!

  • Race: Terran Terran

PtitDrogo

  • Race: Protoss Protoss

Event: DreamHack Open Tours WCS Spring Championship

VOD

https://www.youtube.com/watch?v=RCzT1kLRIRI

Description

Time

  • Played on: May 14, 2016, 9:33 a.m.
  • Length: 14:04

All games in this series

Show
View Real Time Build Order
Export as new Build Order

Bunny Terran - Winner!

Build Orders: Liberator Opening, Reaper Expand, MMM Bio 

Get SALT Encoding   

  12  0:00  SCV  
  13  0:12  SCV  
  14  0:17  Supply Depot  
  14  0:25  SCV  
  15  0:38  SCV  
  15  0:40  Barracks  
  16  0:43  Refinery  
  16  0:50  SCV  
  17  1:03  SCV  
  18  1:15  SCV  
  19  1:27  Orbital Command, Reaper  
  20  1:42  Command Center  
  20  1:49  Refinery  
  20  1:52  SCV  
  21  2:00  Barracks Reactor  
  21  2:01  Supply Depot  
  21  2:04  SCV  
  22  2:16  SCV  
  22  2:17  Factory  
  23  2:28  SCV  
  26  2:41  SCV  
  27  2:55  Orbital Command  
  27  2:56  SCV  
  26  2:59  Command Center  
  26  3:00  Factory Tech Lab  
  26  3:03  Marine  
  27  3:06  Marine  
  27  3:08  SCV  
  29  3:18  Cyclone  
  32  3:20  SCV  
  32  3:21  SCV  
  32  3:23  Marine  
  32  3:24  Marine  
  36  3:31  Starport  
  36  3:33  SCV  
  37  3:35  SCV  
  38  3:41  Marine  
  38  3:42  Marine  
  38  3:43  Supply Depot  
  38  3:45  SCV  
  38  3:47  SCV  
  42  3:54  Siege Tank  
  42  3:55  Liberator  
  45  3:57  SCV  
  45  4:00  Supply Depot  
  46  4:05  SCV, Marine x2  
  46  4:09  SCV  
  50  4:17  Orbital Command  
  53  4:19  SCV  
  53  4:22  SCV  
  55  4:31  SCV  
  55  4:33  Barracks x2  
  55  4:34  SCV  
  57  4:38  Supply Depot  
  57  4:46  SCV x2  
  57  4:47  SCV  
  57  4:51  Refinery, Engineering Bay  
  60  4:53  Engineering Bay  
  60  4:54  Factory Reactor  
  60  4:57  Refinery  
  60  4:58  SCV x2, Orbital Command  
  60  4:59  Starport Reactor, Marine  
  63  5:10  SCV x2  
  63  5:12  Supply Depot  
  63  5:13  Marine  
  66  5:17  Marine  
  67  5:22  SCV  
  67  5:23  SCV  
  67  5:27  SCV  
  70  5:29  Barracks Tech Lab  
  70  5:30  Stimpack  
  70  5:35  SCV x2  
  72  5:38  Marauder, Marine x2  
  72  5:39  Medivac, SCV  
  81  5:46  Terran Infantry Weapons Level 1, Terran Infantry Armor Level 1  
  81  5:47  SCV x2, Widow Mine  
  81  5:48  Widow Mine  
  87  5:51  SCV  
  87  5:57  Marine x2  
  86  5:59  SCV x2  
  86  6:01  Medivac  
  86  6:03  SCV  
  91  6:04  Combat Shields, Marauder x2  
  91  6:10  Supply Depot  
  91  6:12  Refinery, SCV  
  91  6:13  Refinery  
  91  6:14  Marine  
  91  6:15  Barracks x2  
  93  6:19  SCV x2  
  93  6:24  SCV  
  99  6:25  Marauder x2  
  99  6:30  Marine  
  99  6:31  SCV  
  101  6:33  SCV  
  101  6:37  Marine  
  98  6:45  Starport Reactor  
  98  6:47  SCV, Marauder x2  
  100  6:48  Marine, Fusion Core  
  100  6:49  SCV x2  
  100  6:50  Starport  
  100  6:53  Armory  
  103  6:59  Supply Depot, SCV  
  104  7:01  SCV x2  
  104  7:04  Barracks Tech Lab, Barracks Reactor  
  104  7:08  Supply Depot, Marauder  
  108  7:09  Marine  
  108  7:12  Liberator  
  109  7:17  SCV  
  109  7:18  Starport  
  109  7:19  Supply Depot, Marine  
  109  7:21  Marauder  
  109  7:22  SCV  
  112  7:27  Supply Depot, Marine  
  112  7:28  Supply Depot  
  118  7:30  Starport Tech Lab, Marauder, Liberator  
  118  7:32  Supply Depot  
  118  7:37  Marine  
  118  7:41  Supply Depot  
  118  7:42  Marauder, Terran Infantry Weapons Level 2, Terran Infantry Armor Level 2  
  121  7:45  Marine  
  121  7:50  Advanced Ballistics  
  125  7:55  Marine x5  
  130  7:58  Concussive Shells  
  130  8:03  Marine x2  
  130  8:05  Liberator  
  132  8:09  Supply Depot, Command Center  
  132  8:10  Supply Depot  
  132  8:11  Liberator, Missile Turret  
  132  8:12  Marine x2  
  132  8:13  Marine x3  
  125  8:20  Marine  
  125  8:21  Marauder  
  131  8:30  Marine x2  
  131  8:31  Marauder, Marine, Liberator  
  132  8:36  Marauder  
  132  8:38  Marine  
  132  8:39  SCV  
  132  8:40  Medivac x2  
  128  8:43  Marauder  
  128  8:45  SCV x2  
  128  8:48  Marine x3  
  129  8:51  SCV  
  129  8:53  Marauder  
  125  8:56  Marine, Liberator x2  
  125  8:58  Marauder  
  118  9:04  Marauder  
  118  9:06  Marine x2  
  114  9:10  Liberator  
  114  9:11  Marine  
  114  9:14  Marauder, Marine  
  121  9:18  SCV  
  121  9:19  Marauder  
  121  9:24  Marine x2  
  124  9:26  Marauder  
  124  9:29  Marine  
  132  9:35  Marauder  
  132  9:37  Marine  
  135  9:40  Marauder, Liberator  
  135  9:41  Marine  
  138  9:47  Marauder  
  138  9:48  Marine  
  138  9:49  Marine  
  135  9:54  Liberator  
  135  9:55  Marine  
  135  9:57  Marauder  
  135  10:01  Marine  
  135  10:02  Marauder  
  135  10:04  Planetary Fortress  
  135  10:05  Marine  
  130  10:07  Marine  
  130  10:08  Marauder  
  130  10:13  Marine  
  137  10:18  Marauder  
  137  10:19  Marine  
  135  10:23  Marauder, Marine  
  135  10:25  Marine  
  135  10:27  Refinery  
  135  10:28  Refinery  
  139  10:30  Marauder, Marine  
  138  10:37  Marine  
  138  10:39  Marauder  
  138  10:41  Marine  
  142  10:43  Medivac x2, Marine  
  142  10:45  Marauder  
  142  10:48  Marine  
  147  10:51  Marauder  
  147  10:53  Medivac  
  147  10:54  Marine  
  138  10:59  Marine  
  138  11:01  Marauder, Marine  
  134  11:06  Marauder, Marine  
  134  11:09  Medivac x2  
  139  11:12  Marauder, Marine  
  139  11:13  Medivac  
  139  11:17  Marine  
  141  11:19  Marine  
  141  11:22  Marauder  
  141  11:24  Marine  
  141  11:25  Barracks  
  141  11:27  Marauder  
  141  11:28  Medivac  
  141  11:30  Marine  
  140  11:34  Marauder  
  140  11:35  Marine  
  140  11:36  Marine  
  140  11:39  Command Center  
  142  11:42  Marine  
  142  11:44  Marauder  
  138  11:48  Marine x2  
  138  11:50  Liberator  
  138  11:52  Marine  
  136  11:54  Marine  
  136  11:55  Marine  
  136  12:01  Viking x2  
  140  12:02  Marine, Terran Ship Weapons Level 1  
  140  12:04  Marine  
  140  12:06  Marine x2  
  149  12:10  Marine  
  149  12:12  Marine x2  
  149  12:13  Viking  
  156  12:20  Marine  
  156  12:22  Marine  
  157  12:24  Marauder, Marine  
  157  12:26  Viking  
  157  12:28  Marine  
  162  12:30  Marine x2  
  162  12:35  Viking x2  
  168  12:38  Marine, Liberator  
  168  12:41  Marauder, Marine  
  172  12:46  Marauder, Marine  
  172  12:48  Ghost Academy  
  172  12:49  Liberator  
  172  12:51  Planetary Fortress  
  175  12:56  Missile Turret  
  178  13:00  Viking  
  178  13:02  Command Center  
  180  13:10  Viking  
  185  13:14  Viking  
  179  13:27  Marauder, Marine x2  
  179  13:30  Viking, Marauder  
  187  13:36  Marauder, Marine x2  
  193  13:45  Marine  
Show
View Real Time Build Order
Export as new Build Order

PtitDrogo Protoss 

Build Orders: 1 Gate Expand, Blink Stalkers 

Get SALT Encoding   

  12  0:01  Probe (Chrono Boost)  
  13  0:11  Probe (Chrono Boost)  
  14  0:17  Pylon  
  14  0:22  Probe (Chrono Boost)  
  16  0:36  Probe (Chrono Boost), Gateway  
  16  0:46  Probe (Chrono Boost)  
  16  0:47  Assimilator  
  17  0:57  Probe (Chrono Boost)  
  18  1:07  Probe (Chrono Boost)  
  19  1:19  Nexus  
  19  1:21  Probe (Chrono Boost)  
  20  1:31  Cybernetics Core  
  20  1:34  Probe (Chrono Boost)  
  20  1:39  Assimilator  
  21  1:45  Probe (Chrono Boost)  
  22  1:49  Pylon  
  22  1:55  Probe (Chrono Boost)  
  23  2:08  Mothership Core (Chrono Boost)  
  25  2:15  Warp Gate  
  25  2:23  Stalker  
  25  2:26  Probe (Chrono Boost)  
  28  2:31  Probe (Chrono Boost)  
  28  2:36  Probe (Chrono Boost)  
  30  2:41  Probe (Chrono Boost)  
  31  2:44  Robotics Facility  
  31  2:47  Probe (Chrono Boost)  
  32  2:52  Probe (Chrono Boost)  
  32  2:57  Probe (Chrono Boost)  
  34  3:02  Probe (Chrono Boost)  
  34  3:03  Twilight Council  
  35  3:08  Probe (Chrono Boost)  
  36  3:13  Probe (Chrono Boost), Gateway  
  36  3:14  Gateway  
  36  3:18  Probe (Chrono Boost)  
  38  3:23  Probe (Chrono Boost), Pylon  
  39  3:29  Probe (Chrono Boost)  
  39  3:30  Blink (Chrono Boost), Observer (Chrono Boost)  
  39  3:33  Probe  
  42  3:36  Assimilator  
  42  3:40  Probe  
  43  3:45  Probe  
  44  3:53  Probe (Chrono Boost)  
  45  3:58  Probe (Chrono Boost)  
  46  4:03  Nexus  
  46  4:04  Pylon  
  46  4:05  Probe (Chrono Boost)  
  46  4:08  Observer  
  48  4:17  Stalker x3  
  48  4:22  Probe (Chrono Boost)  
  48  4:24  Probe (Chrono Boost)  
  56  4:25  Assimilator  
  56  4:29  Pylon  
  56  4:32  Probe  
  56  4:34  Warp Prism (Chrono Boost)  
  56  4:36  Probe  
  60  4:42  Pylon  
  60  4:45  Probe  
  61  4:48  Probe  
  61  4:49  Stalker  
  64  4:54  Stalker  
  64  4:57  Probe  
  67  5:01  Probe, Pylon  
  67  5:05  Stalker  
  70  5:09  Probe  
  70  5:13  Probe  
  72  5:16  Pylon  
  72  5:20  Probe  
  72  5:21  Probe  
  73  5:25  Probe  
  73  5:26  Pylon  
  75  5:30  Probe  
  75  5:33  Probe  
  76  5:36  Stalker  
  76  5:37  Probe, Sentry  
  76  5:41  Probe  
  82  5:45  Probe  
  82  5:46  Robotics Facility  
  82  5:49  Probe  
  84  5:57  Stalker  
  84  5:59  Probe  
  84  6:02  Probe  
  84  6:03  Resonating Glaives  
  88  6:05  Probe  
  88  6:06  Gateway  
  88  6:08  Gateway  
  88  6:11  Gateway  
  89  6:12  Probe  
  89  6:14  Probe, Assimilator, Observer (Chrono Boost)  
  89  6:15  Probe  
  93  6:18  Assimilator  
  93  6:21  Sentry  
  93  6:22  Adept x2  
  93  6:23  Pylon  
  93  6:24  Probe  
  100  6:27  Probe  
  100  6:32  Pylon  
  101  6:48  Stalker x2  
  101  6:49  Stalker  
  107  6:55  Forge  
  107  6:57  Forge  
  107  6:58  Gateway  
  107  7:03  Immortal (Chrono Boost), Gateway  
  107  7:06  Robotics Bay  
  107  7:07  Immortal (Chrono Boost)  
  115  7:19  Nexus  
  115  7:22  Pylon  
  115  7:30  Protoss Ground Weapons Level 1 (Chrono Boost)  
  115  7:31  Pylon, Protoss Ground Armor Level 1 (Chrono Boost)  
  115  7:41  Stargate  
  115  7:42  Pylon  
  115  7:47  Stargate, Adept  
  115  7:48  Disruptor, Adept x3  
  123  7:52  Disruptor  
  123  7:55  Sentry x2  
  123  7:56  Pylon  
  133  8:01  Adept x2  
  133  8:03  Probe x2  
  139  8:07  Probe  
  130  8:21  Probe, Assimilator  
  130  8:27  Assimilator, Adept x4  
  131  8:28  Adept x4  
  147  8:39  Oracle (Chrono Boost)  
  147  8:40  Void Ray (Chrono Boost)  
  136  8:42  Fleet Beacon  
  116  9:01  Adept x4  
  116  9:02  Adept x4  
  110  9:16  Disruptor  
  103  9:21  Disruptor  
  103  9:23  Stalker x4  
  103  9:24  Stalker x4  
  124  9:39  Tempest (Chrono Boost)  
  124  9:42  Tempest (Chrono Boost)  
  132  9:46  Photon Cannon  
  132  9:49  Photon Cannon  
  132  9:52  Adept x3  
  125  9:53  Pylon, Adept x5  
  113  10:15  Tempest (Chrono Boost)  
  113  10:20  Stalker x3  
  113  10:21  Stalker x3  
  117  10:24  Sentry  
  113  10:34  Adept  
  103  10:38  Protoss Ground Weapons Level 2 (Chrono Boost)  
  103  10:40  Protoss Ground Armor Level 2 (Chrono Boost)  
  95  10:52  Adept x5  
  95  10:53  Adept x2  
  91  11:02  Tempest  
  85  11:05  Adept  
  89  11:13  Stalker, Adept x3  
  85  11:20  Stalker x2  
  85  11:21  Adept  
  75  11:29  Adept  
  51  11:52  Sentry x2  
  51  11:53  Sentry, Adept x3  
  60  12:04  Adept  
  60  12:08  Probe  
  63  12:10  Probe  
  64  12:17  Disruptor (Chrono Boost)  
  67  12:26  Disruptor (Chrono Boost)  
  70  12:42  Probe  
  70  12:43  Probe  
  71  12:50  Disruptor (Chrono Boost)  
  74  12:54  Adept  
  74  12:56  Sentry  
  78  13:08  Probe x3  
  81  13:27  Disruptor (Chrono Boost)  
  84  13:28  Disruptor (Chrono Boost)  
  84  13:32  Mothership Core  
  89  13:34  Probe x2  
  91  13:47  Stalker x3  

Tags
 
Add a new tag
Caveats
  • Supply blocks, unpowered buildings, or Contaminate may cause inaccurate times.
  • Supply counts are checked every 10 seconds.